Elenmirie, chaotic female elven Wizard --- |<.| ---..| |...-- ---.--- |...| -.--- ..--- --.)- . --...-- G ---.---.....| |..........-- ...-..---.-- G.G...*| --- ..@Z.-- h ...f.| ------ Elenmirie the Conjurer Experience level: 3 Strength: 11 Dexterity: 12 Constitution: 16 Intelligence: 18 Wisdom: 9 Charisma: 9 Health: 0(19) Energy: 26(26) Def: 2 Gold: 612 Moves: 1436 Dungeon seed: mTed-mN7ljAVrWF9 Game ID: Elenmirie_1591169197 Your Inventory: Coins $ - 612 gold pieces Weapons a - a blessed +2 quarterstaff (weapon in hands) Armor e - an uncursed +1 cloak of magic resistance (being worn) r - a blessed +0 alchemy smock Comestibles p - an uncursed lichen corpse t - an uncursed candy bar B - an uncursed food ration Scrolls k - 2 uncursed scrolls of scare monster q - an uncursed scroll of genocide s - a blessed scroll of identify u - an uncursed scroll of identify v - an uncursed scroll of gold detection Spellbooks l - a blessed spellbook of force bolt m - an uncursed spellbook of identify F - an uncursed spellbook of restore ability Potions f - an uncursed potion of water g - an uncursed potion of monster detection h - an uncursed potion of booze x - a blessed potion of healing E - a cursed potion of oil Rings c - an uncursed ring of slow digestion (on left hand) d - an uncursed ring of protection from shape changers o - an uncursed ring of protection from shape changers w - an uncursed ring of slow digestion D - an uncursed ring of cold resistance Wands b - an uncursed wand of undead turning (0:4) y - an uncursed wand of magic missile (0:5) A - an uncursed wand of polymorph (0:5) Tools n - an uncursed bugle G - an uncursed partly used wax candle (lit) (0:383) Spells and supernatural/magical abilities: Name Level Category Fail Memory a - force bolt 1 attack 0% 93% I - identify 3 divination 85% 93% W - pray for help -- divine ? -- Your skills at the end: Fighting Skills Weapon Skills quarterstaff [Basic] Spellcasting Skills attack spells [Basic] enchantment spells [Basic] Final Attributes: You were piously aligned. You were magic-protected. You had infravision. You had slower digestion. You are dead. Vanquished creatures: a shrieker 2 orc zombies a gas spore a hobgoblin a yellow mold a green mold 2 gnomes a gecko 2 jackals a fox a kobold 2 goblins 3 grid bugs 2 bats 2 lichens 4 newts 27 creatures vanquished. Voluntary challenges: You were an atheist. You used a wielded weapon 21 times, starting on turn 39. You read items or engraved 3 times, starting on turn 3. You never genocided any monsters. You never polymorphed an object. You never changed form. You used no wishes. You never split a pudding. You never wrote Elbereth's name. You never violated your personal moral code. Dungeon overview: The Dungeons of Doom: levels 1 to 4 Level 1 a long staircase Level 2 Level 3 a fountain Level 4 stairs to The Gnomish Mines The Gnomish Mines: Level 5 <- You were here stairs to The Dungeons of Doom History has recorded: On T:1 you entered the Dungeons of Doom to retrieve the Amulet of Yendor! On T:204 you advanced to experience level 2. On T:291 you reached level 2 of The Dungeons of Doom. On T:473 you reached level 3 of The Dungeons of Doom. On T:838 you advanced to experience level 3. On T:884 you reached level 4 of The Dungeons of Doom. On T:1360 you reached level 1 of The Gnomish Mines. Score breakdown: Gold: 612 ( 9481 points) Experience: 3 levels ( 7878 points) Exploration: 5 levels ( 9.80%) ( 8485 points) Discoveries: 2 items ( 0.72%) ( 2549 points) Valuables value: (no points given unless you survive) Artifact value: 0 ( 0 points) Variety of kills: 16 monsters ( 4.20%) ( 6147 points) Turncount: 1436 turns ( 0 points) Survival: died (score multiplied by 80%) Total score: 27632 Latest messages: G - a candle. Your candle's flame burns brightly! The orc zombie hits! (2x) You destroy the orc zombie! You hear crashing rock. Coco misses the orc zombie. You hear some noises. You hear some noises in the distance. You see here a thonged club. Coco drops 2 yellow gems. Coco misses the orc zombie. (3x) You hit the orc zombie! The orc zombie hits! Coco misses the orc zombie. You miss the orc zombie. Coco misses the orc zombie. The hobbit throws a dagger! The dagger hits Coco. The gnome lord hits! You die... Final status: Goodbye Elenmirie the Wizard, killed by a gnome lord... You died in The Gnomish Mines on dungeon level 5 with 27632 points, and 612 pieces of gold, after 1436 moves. You were level 3 with a maximum of 19 hit points when you died.